| TOP OF THE 1ST |
|
Omaha Storm Chasers batting - Pitching for Evansville Triplets : RHP Freddy Medina
|
|
Pitching: RHP Freddy Medina
|
|
|
Batting: RHB Jay Schellin
|
0-0: Foul Ball, location: 2F 0-1: Ball 1-1: Ball 2-1: Foul Ball, location: 2F 2-2: Foul Ball, location: 2F 2-2: Ball 3-2: Hit by Pitch
|
|
Batting: SHB Rafael Landestoy
|
0-0: Called Strike 0-1: Grounds into double play, 4-6-3 (Groundball, 4, EV 83.1 MPH)
|
|
Batting: RHB Don Money
|
0-0: Called Strike 0-1: Ball 1-1: TRIPLE (Flyball, 89XD, EV 98.8 MPH)
|
|
Batting: LHB Mike LaValliere
|
0-0: Ground out 1-3 (Groundball, 13, EV 70.0 MPH)
|
| Top of the 1st over - 0 runs, 1 hit, 0 errors, 1 left on base; Omaha 0 - Evansville 0 |
| BOTTOM OF THE 1ST |
|
Evansville Triplets batting - Pitching for Omaha Storm Chasers : LHP Ross Baumgarten
|
|
Pitching: LHP Ross Baumgarten
|
|
|
Batting: LHB Greg Gross
|
0-0: Ground out 5-3 (Groundball, 56, EV 103.1 MPH)
|
|
Batting: RHB Cory Mihalic
|
0-0: Swinging Strike 0-1: Called Strike 0-2: Ball 1-2: Ball 2-2: Strikes out looking
|
|
Batting: RHB Richard Bass
|
0-0: Called Strike 0-1: Ball 1-1: SINGLE (Groundball, 56D, EV 108.1 MPH)
|
|
Batting: RHB Ron Kittle
|
0-0: Ball 1-0: Swinging Strike 1-1: Ball 2-1: Ground out 1-3 (Groundball, P, EV 65.6 MPH)
|
| Bottom of the 1st over - 0 runs, 1 hit, 0 errors, 1 left on base; Omaha 0 - Evansville 0 |
| TOP OF THE 2ND |
|
Omaha Storm Chasers batting - Pitching for Evansville Triplets : RHP Freddy Medina
|
|
Batting: RHB Eddie Gates
|
0-0: Reaches on Catchers interference
|
|
Batting: LHB Donald Elliott
|
0-0: Ball 1-0: Called Strike 1-1: Ball 2-1: Ball 3-1: Called Strike 3-2: Base on Balls Eddie Gates to second
|
|
Batting: SHB Larry Bowa
|
0-0: Ball 1-0: Called Strike 1-1: Swinging Strike 1-2: Ball 2-2: Fly out, F4 (Line Drive, 4, EV 63.1 MPH)
|
|
Batting: RHB Mike Allport
|
0-0: SINGLE (Groundball, 34, EV 102.5 MPH) (infield hit) Eddie Gates to third Donald Elliott to second
|
|
Batting: RHB Odie Davis
|
0-0: Swinging Strike 0-1: Fly out, F4 (Line Drive, 4, EV 67.5 MPH)
|
|
Batting: RHB Jay Schellin
|
0-0: Fly out, F6 (Flyball, 56D, EV 90.6 MPH)
|
| Top of the 2nd over - 0 runs, 1 hit, 1 error, 3 left on base; Omaha 0 - Evansville 0 |
| BOTTOM OF THE 2ND |
|
Evansville Triplets batting - Pitching for Omaha Storm Chasers : LHP Ross Baumgarten
|
|
Batting: RHB Ed Putman
|
0-0: Fly out, F7 (Flyball, 7D, EV 95.6 MPH)
|
|
Batting: RHB Mike Allen
|
0-0: Ball 1-0: Foul Ball, location: 2F 1-1: Ground out U3 (Groundball, 3, EV 81.9 MPH)
|
|
Batting: LHB Luis Alfaro
|
0-0: Called Strike 0-1: Foul Ball, location: 2F 0-2: Fly out, F7 (Flyball, 7LM, EV 107.5 MPH)
|
| Bottom of the 2nd over - 0 runs, 0 hits, 0 errors, 0 left on base; Omaha 0 - Evansville 0 |
| TOP OF THE 3RD |
|
Omaha Storm Chasers batting - Pitching for Evansville Triplets : RHP Freddy Medina
|
|
Batting: SHB Rafael Landestoy
|
0-0: Ball 1-0: Called Strike 1-1: Foul Ball, location: 2F 1-2: Foul Ball, location: 2F 1-2: Ball 2-2: Fly out, F7 (Flyball, 78M, EV 74.4 MPH)
|
|
Batting: RHB Don Money
|
0-0: Called Strike 0-1: Called Strike 0-2: Strikes out looking
|
|
Batting: LHB Mike LaValliere
|
0-0: Ball 1-0: Called Strike 1-1: Fly out, F8 (Line Drive, 8LM, EV 98.8 MPH)
|
| Top of the 3rd over - 0 runs, 0 hits, 0 errors, 0 left on base; Omaha 0 - Evansville 0 |
| BOTTOM OF THE 3RD |
|
Evansville Triplets batting - Pitching for Omaha Storm Chasers : LHP Ross Baumgarten
|
|
Batting: RHB Jaden Smith
|
0-0: Ball 1-0: Ball 2-0: Foul Ball, location: 2F 2-1: Ball 3-1: Base on Balls
|
|
Batting: RHB Ed Jurak
|
0-0: Called Strike 0-1: Ball 1-1: Foul Ball, location: 2F 1-2: Fly out, F8 (Flyball, 8RXD, EV 83.1 MPH)
|
|
Batting: LHB Greg Gross
|
0-0: Ball 1-0: Foul Ball, location: 2F 1-1: Fly out, F8 (Line Drive, 8RM, EV 85.6 MPH)
|
|
Batting: RHB Cory Mihalic
|
0-0: Called Strike 0-1: Ball 1-1: Swinging Strike 1-2: 2-RUN HOME RUN (Flyball, 7LD, EV 99.4 MPH), Distance : 361 ft
|
|
Batting: RHB Richard Bass
|
0-0: Ball 1-0: Ball 2-0: Swinging Strike 2-1: Ball 3-1: Base on Balls
|
|
Batting: RHB Ron Kittle
|
0-0: Ball 1-0: Ball 2-0: Called Strike 2-1: Fly out, F3 (Flyball, 3D, EV 91.9 MPH)
|
| Bottom of the 3rd over - 2 runs, 1 hit, 0 errors, 1 left on base; Omaha 0 - Evansville 2 |
| TOP OF THE 4TH |
|
Omaha Storm Chasers batting - Pitching for Evansville Triplets : RHP Freddy Medina
|
|
Batting: RHB Eddie Gates
|
0-0: Called Strike 0-1: Swinging Strike 0-2: Hit by Pitch
|
|
Batting: LHB Donald Elliott
|
0-0: Ball 1-0: Ball 2-0: Foul Ball, location: 2F 2-1: Fielders Choice at 2nd, 4-6 (Groundball, 34D, EV 101.9 MPH)
|
|
Batting: SHB Larry Bowa
|
0-0: Called Strike 0-1: Foul Ball, location: 2F 0-2: Fielders Choice at 2nd, 1-6 (Groundball, 34S, EV 65.0 MPH)
|
|
Batting: RHB Mike Allport
|
0-0: Called Strike 0-1: Ball 1-1: SINGLE (Groundball, 56, EV 102.5 MPH) (infield hit) Larry Bowa to second
|
|
Batting: RHB Odie Davis
|
0-0: Swinging Strike 0-1: Ball Passed Ball! Larry Bowa to third Mike Allport to second 1-1: Foul Ball, location: 2F 1-2: Ball 2-2: Ball 3-2: Fly out, F4 (Flyball, 34D, EV 88.1 MPH)
|
| Top of the 4th over - 0 runs, 1 hit, 0 errors, 2 left on base; Omaha 0 - Evansville 2 |
| BOTTOM OF THE 4TH |
|
Evansville Triplets batting - Pitching for Omaha Storm Chasers : LHP Ross Baumgarten
|
|
Batting: RHB Ed Putman
|
0-0: Ball 1-0: Ball 2-0: Ball 3-0: Called Strike 3-1: Foul Ball, location: 2F 3-2: Base on Balls
|
|
Batting: RHB Mike Allen
|
0-0: Hit by Pitch Ed Putman to second
|
|
Batting: LHB Luis Alfaro
|
0-0: Ball 1-0: Grounds into double play, 5-4-3 (Groundball, 25, EV 81.9 MPH) Ed Putman to third
|
|
Batting: RHB Jaden Smith
|
0-0: Fly out, F3 (Popup, 3, EV 68.1 MPH)
|
| Bottom of the 4th over - 0 runs, 0 hits, 0 errors, 1 left on base; Omaha 0 - Evansville 2 |
| TOP OF THE 5TH |
|
Omaha Storm Chasers batting - Pitching for Evansville Triplets : RHP Freddy Medina
|
|
Batting: RHB Jay Schellin
|
0-0: Ground out 4-3 (Groundball, 4, EV 86.9 MPH)
|
|
Batting: SHB Rafael Landestoy
|
0-0: Ball 1-0: Ball 2-0: Ball 3-0: Called Strike 3-1: Ground out 4-3 (Groundball, 4, EV 108.8 MPH)
|
|
Batting: RHB Don Money
|
0-0: Ball 1-0: Ground out 6-3 (Groundball, 6, EV 108.1 MPH)
|
| Top of the 5th over - 0 runs, 0 hits, 0 errors, 0 left on base; Omaha 0 - Evansville 2 |
| BOTTOM OF THE 5TH |
|
Evansville Triplets batting - Pitching for Omaha Storm Chasers : LHP Ross Baumgarten
|
|
Batting: RHB Ed Jurak
|
0-0: Swinging Strike 0-1: Ball 1-1: Ball 2-1: Ball 3-1: SINGLE (Line Drive, 8RS, EV 106.3 MPH)
|
|
Batting: LHB Greg Gross
|
0-0: Ball 1-0: Ball 2-0: Foul Ball, location: 2F 2-1: SINGLE (Line Drive, 6MD, EV 104.4 MPH) Ed Jurak to second Runner from 2nd tries for 3rd, SAFE, no throw by CF
|
|
Batting: RHB Cory Mihalic
|
0-0: Ball 1-0: Called Strike 1-1: Ball 2-1: Swinging Strike 2-2: SINGLE (Line Drive, 6D, EV 97.5 MPH) Ed Jurak scores Greg Gross to second
|
|
Batting: RHB Richard Bass
|
0-0: Ball 1-0: Ball 2-0: Called Strike 2-1: Ball 3-1: Base on Balls Greg Gross to third Cory Mihalic to second
|
|
Batting: RHB Ron Kittle
|
0-0: Swinging Strike 0-1: Grounds into fielders choice 6-2 (Groundball, 6, EV 101.9 MPH) Cory Mihalic to third Richard Bass to second
|
|
Batting: RHB Ed Putman
|
0-0: Ball 1-0: Called Strike 1-1: Ball 2-1: Foul Ball, location: 2F 2-2: Ball 3-2: Base on Balls Cory Mihalic scores Richard Bass to third Ron Kittle to second
|
|
Batting: RHB Mike Allen
|
0-0: DOUBLE (Line Drive, 78XD, EV 106.3 MPH) Richard Bass scores Ron Kittle scores Ed Putman to third
|
|
Pitching: LHP David Bogacki
|
|
|
Batting: LHB Luis Alfaro
|
0-0: Ball 1-0: Ball 2-0: Foul Ball, location: 2F 2-1: Swinging Strike 2-2: Strikes out swinging
|
|
Batting: RHB Jaden Smith
|
0-0: Foul Ball, location: 2F 0-1: Ball 1-1: Foul Ball, location: 2F 1-2: Fly out, F9 (Line Drive, 9D, EV 95.6 MPH)
|
| Bottom of the 5th over - 4 runs, 4 hits, 0 errors, 2 left on base; Omaha 0 - Evansville 6 |
| TOP OF THE 6TH |
|
Omaha Storm Chasers batting - Pitching for Evansville Triplets : RHP Freddy Medina
|
|
Batting: LHB Mike LaValliere
|
0-0: Ball 1-0: Foul Ball, location: 2F 1-1: Foul Ball, location: 2F 1-2: Foul Ball, location: 2F 1-2: Ground out 6-3 (Groundball, 6MS, EV 91.3 MPH)
|
|
Batting: RHB Eddie Gates
|
0-0: Called Strike 0-1: DOUBLE (Line Drive, 3D, EV 108.1 MPH)
|
|
Batting: LHB Donald Elliott
|
0-0: Ball 1-0: Ball 2-0: Foul Ball, location: 2F 2-1: Fly out, F9 (Flyball, 89S, EV 89.4 MPH)
|
|
Batting: SHB Larry Bowa
|
0-0: Ball 1-0: Ball 2-0: Swinging Strike 2-1: Fly out, F9 (Flyball, 9LM, EV 86.9 MPH)
|
| Top of the 6th over - 0 runs, 1 hit, 0 errors, 1 left on base; Omaha 0 - Evansville 6 |
| BOTTOM OF THE 6TH |
|
Evansville Triplets batting - Pitching for Omaha Storm Chasers : LHP David Bogacki
|
|
Batting: RHB Ed Jurak
|
0-0: Ball 1-0: Called Strike 1-1: SINGLE (Groundball, 6MD, EV 98.8 MPH)
|
|
Batting: LHB Greg Gross
|
0-0: Ball 1-0: Ball 2-0: SINGLE (Line Drive, 3, EV 68.8 MPH) (infield hit) Ed Jurak to second
|
|
Batting: RHB Cory Mihalic
|
0-0: Called Strike 0-1: Fly out, F8 (Flyball, 78D, EV 102.5 MPH)
|
|
Batting: RHB Richard Bass
|
0-0: Ball 1-0: Foul Ball, location: 2F 1-1: Ball 2-1: Called Strike 2-2: Ground out 6-3 (Groundball, P, EV 79.4 MPH) Ed Jurak to third Greg Gross to second
|
|
Batting: RHB Ron Kittle
|
0-0: Foul Ball, location: 2F 0-1: Ball 1-1: Ball 2-1: Foul Ball, location: 2F 2-2: Foul Ball, location: 2F 2-2: Ball 3-2: Strikes out swinging
|
| Bottom of the 6th over - 0 runs, 2 hits, 0 errors, 2 left on base; Omaha 0 - Evansville 6 |
| TOP OF THE 7TH |
|
Omaha Storm Chasers batting - Pitching for Evansville Triplets : RHP Freddy Medina
|
|
Batting: RHB Mike Allport
|
0-0: Ball 1-0: Foul Ball, location: 2F 1-1: Ground out 1-3 (Groundball, 34S, EV 66.3 MPH)
|
|
Batting: RHB Odie Davis
|
0-0: Foul Ball, location: 2F 0-1: Ground out 6-3 (Groundball, 6S, EV 67.5 MPH)
|
|
Batting: RHB Jay Schellin
|
0-0: Called Strike 0-1: Foul Ball, location: 2F 0-2: Ball 1-2: Fly out, F8 (Flyball, 8RM, EV 88.8 MPH)
|
| Top of the 7th over - 0 runs, 0 hits, 0 errors, 0 left on base; Omaha 0 - Evansville 6 |
| BOTTOM OF THE 7TH |
|
Evansville Triplets batting - Pitching for Omaha Storm Chasers : LHP David Bogacki
|
|
Batting: RHB Ed Putman
|
0-0: Ball 1-0: Ball 2-0: Ball 3-0: Base on Balls
|
|
Batting: RHB Mike Allen
|
0-0: Called Strike 0-1: Ball 1-1: Foul Ball, location: 2F 1-2: SINGLE (Line Drive, 9S, EV 105.6 MPH) Ed Putman to second
|
|
Batting: LHB Luis Alfaro
|
0-0: Swinging Strike 0-1: Ball 1-1: Foul Ball, location: 2F 1-2: Foul Ball, location: 2F 1-2: Foul Ball, location: 2F 1-2: Ball 2-2: SINGLE (Line Drive, 8LS, EV 108.1 MPH) Ed Putman to third Mike Allen to second Runner from 3rd tries for Home, SAFE, throw by CF to home
|
|
Pinch Hitting: RHB Reginald Coleman
|
0-0: Called Strike 0-1: Ball 1-1: Ball 2-1: Called Strike 2-2: Strikes out looking
|
|
Batting: RHB Ed Jurak
|
0-0: Ball 1-0: Reached on error, E8 (Flyball, 89D, EV 97.5 MPH) Mike Allen scores Luis Alfaro to third
|
|
Pinch Hitting: RHB Mark M Corey
|
0-0: Ball 1-0: Foul Ball, location: 2F 1-1: Ground out 5-3 (Groundball, 56S, EV 69.4 MPH) Luis Alfaro scores Ed Jurak to third
|
|
Batting: RHB Cory Mihalic
|
0-0: Fly out, F7 (Flyball, 7D, EV 87.5 MPH)
|
| Bottom of the 7th over - 3 runs, 2 hits, 1 error, 1 left on base; Omaha 0 - Evansville 9 |
| TOP OF THE 8TH |
|
Omaha Storm Chasers batting - Pitching for Evansville Triplets : RHP Freddy Medina
|
|
Now at 1B: Reginald Coleman
|
|
|
Now in LF: Mark M Corey
|
|
|
Pinch Hitting: LHB Bobby Barron
|
0-0: Ball 1-0: Called Strike 1-1: Foul Ball, location: 2F 1-2: Ground out 6-3 (Groundball, 6, EV 106.3 MPH)
|
|
Pinch Hitting: RHB Brian David
|
0-0: Ball 1-0: Foul Ball, location: 2F 1-1: Ball 2-1: SINGLE (Groundball, 3D, EV 105.6 MPH)
|
|
Pitching: RHP Victor Bernal
|
|
|
Batting: LHB Mike LaValliere
|
Pickoff Throw to First - Error! E1 Brian David to second 0-0: Swinging Strike 0-1: Ball 1-1: Ball 2-1: Ball 3-1: Ground out 3-1 (Groundball, 34S, EV 86.3 MPH) Brian David to third
|
|
Pinch Hitting: RHB Kevin Coughlon
|
0-0: Called Strike 0-1: Ball 1-1: Ball 2-1: Ball 3-1: Foul Ball, location: 2F 3-2: Ground out 2-3 (Groundball, 13S, EV 65.6 MPH)
|
| Top of the 8th over - 0 runs, 1 hit, 1 error, 1 left on base; Omaha 0 - Evansville 9 |
| BOTTOM OF THE 8TH |
|
Evansville Triplets batting - Pitching for Omaha Storm Chasers : LHP David Bogacki
|
|
Now at 2B: Brian David
|
|
|
Now in LF: Kevin Coughlon
|
|
|
Now in RF: Bobby Barron
|
|
|
Batting: RHB Richard Bass
|
0-0: Called Strike 0-1: Ball 1-1: Ball 2-1: Ball 3-1: Base on Balls
|
|
Pitching: RHP Jim Slaton
|
|
|
Batting: RHB Ron Kittle
|
0-0: Ball 1-0: Called Strike 1-1: SINGLE (Line Drive, 6MD, EV 94.4 MPH) Richard Bass to second
|
|
Batting: RHB Ed Putman
|
0-0: Ball 1-0: Foul Ball, location: 2F 1-1: Called Strike 1-2: Ball 2-2: 3-RUN HOME RUN (Flyball, 7D, EV 110.6 MPH), Distance : 383 ft
|
|
Batting: RHB Mike Allen
|
0-0: Called Strike 0-1: Ball 1-1: Swinging Strike 1-2: Ball 2-2: Foul Ball, location: 2F 2-2: Foul Ball, location: 2F 2-2: Ball 3-2: Fly out, F9 (Flyball, 9LS, EV 96.3 MPH)
|
|
Batting: LHB Luis Alfaro
|
0-0: Fly out, F8 (Line Drive, 8RM, EV 90.0 MPH)
|
|
Batting: RHB Reginald Coleman
|
0-0: Called Strike 0-1: Foul Ball, location: 2F 0-2: Ball 1-2: Ball 2-2: Foul Ball, location: 2F 2-2: Foul Ball, location: 2F 2-2: Ball 3-2: Foul Ball, location: 2F 3-2: Ground out 4-3 (Groundball, 4, EV 105.6 MPH)
|
| Bottom of the 8th over - 3 runs, 2 hits, 0 errors, 0 left on base; Omaha 0 - Evansville 12 |
| TOP OF THE 9TH |
|
Omaha Storm Chasers batting - Pitching for Evansville Triplets : RHP Victor Bernal
|
|
Pinch Hitting: RHB Cesare Pierpaoli
|
0-0: Called Strike 0-1: Ball 1-1: Ball 2-1: Swinging Strike 2-2: Ground out 4-3 (Groundball, 4, EV 85.6 MPH)
|
|
Pinch Hitting: LHB Michael Brown
|
0-0: Fly out, F7 (Flyball, 7D, EV 94.4 MPH)
|
|
Batting: RHB Mike Allport
|
0-0: Ball 1-0: Ball 2-0: Called Strike 2-1: Swinging Strike 2-2: Ball 3-2: Foul Ball, location: 2F 3-2: Foul Ball, location: 2F 3-2: Foul Ball, location: 2F 3-2: Foul Ball, location: 2F 3-2: Base on Balls
|
|
Batting: RHB Odie Davis
|
0-0: Foul Ball, location: 2F 0-1: Foul Ball, location: 2F 0-2: Foul Ball, location: 2F 0-2: Strikes out swinging
|
| Top of the 9th over - 0 runs, 0 hits, 0 errors, 1 left on base; Omaha 0 - Evansville 12 |
|